 Dungeon Crawl Stone Soup version 0.17-a0-1174-ge06b3cc (webtiles) character file.

69780 RobertPalmer the Severer (level 15, -36/107 HPs)
             Began as a Formicid Chaos Knight on May 28, 2015.
             Killed from afar by a fire giant (45 damage)
             ... with a bolt of fire
             ... on level 1 of the Abyss on May 29, 2015.
             The game lasted 01:02:55 (23004 turns).

RobertPalmer the Severer (Formicid Chaos Knight)   Turns: 23004, Time: 01:02:56

Health: -36/107    AC: 25    Str: 17      XL:     15   Next: 75%
Magic:  0/15       EV:  6    Int: 11 (13) God:    Xom [...*..]
Gold:   1709       SH: 23    Dex: 17      Spells: 0 memorised, 14 levels left

rFire  . . .     SeeInvis +     a - +2 battleaxe (freeze)
rCold  + . .     Clarity  .     g - +1 plate armour {rPois}
rNeg   . . .     SustAt   .     e - +4 large shield {reflect}
rPois  +         Gourm    .     (helmet unavailable)
rElec  .         Spirit   +     L - +2 cloak
rCorr  .         Warding  .     (no gloves)
rMut   .         Stasis   +     o - +0 pair of boots
MR     +....                    k - amulet of guardian spirit {Spirit}
Stlth  ..........               r - ring of Lygripoe {rC+ Dex+2}
                                w - +3 ring of protection

@: very slightly contaminated, somewhat resistant to hostile enchantments,
extremely unstealthy
A: permanent stasis, dig shafts and tunnels, four strong arms, antennae 3, icy
blue scales 1, blurry vision 1, breathe flames 1, wild magic 2, evolution 1
a: Dig, Shaft Self, Renounce Religion, Breathe Fire


You were on level 1 of the Abyss.
You worshipped Xom.
You were a favourite toy of Xom.
You were very hungry.

You visited 2 branches of the dungeon, and saw 16 of its levels.
You visited the Abyss 1 time.
You also visited: Ice Cave.

You collected 1842 gold pieces.
You spent 119 gold pieces at shops.

Inventory:

Hand weapons
 a - a +2 battleaxe of freezing (weapon)
   (You found it in an ice cave)
Armour
 e - a +4 large shield of reflection (worn)
   (You acquired it on level 3 of the Lair of Beasts)
 g - a +1 plate armour of poison resistance (worn)
   (You found it on level 1 of the Dungeon)
 o - a +0 pair of boots (worn)
   (You found it on level 4 of the Lair of Beasts)
 L - a +2 cloak (worn)
   (You found it on level 7 of the Dungeon)
Jewellery
 h - an uncursed ring of fire {rF+, rC-}
   (You found it on level 1 of the Dungeon)
 k - an amulet of guardian spirit (around neck) {Spirit}
   (You found it on level 1 of the Dungeon)
 n - an uncursed ring of protection from cold {rC+, !d}
   (You found it in an ice cave)
 r - the ring of Lygripoe (right hand) {rC+ Dex+2}
   (You found it in an ice cave)

   [ring of protection from cold]

   It affects your dexterity (+2).
   It protects you from cold.
 s - an uncursed amulet of resist corrosion {rCorr, !d}
   (You found it on level 7 of the Dungeon)
 w - a +3 ring of protection (left hand)
   (You found it on level 5 of the Lair of Beasts)
 y - an uncursed ring of fire {rF+, rC-}
   (You found it on level 7 of the Dungeon)
 C - an uncursed ring of poison resistance {rPois, !d}
   (You found it on level 3 of the Lair of Beasts)
 E - a +2 ring of strength
   (You found it on level 6 of the Lair of Beasts)
Magical devices
 i - a wand of polymorph (0)
   (You found it on level 3 of the Lair of Beasts)
 x - a wand of slowing (3)
   (You took it off a kobold on level 3 of the Dungeon)
 I - a wand of paralysis (0)
   (You found it in an ice cave)
 O - a wand of slowing (20)
   (You found it on level 7 of the Lair of Beasts)
Scrolls
 b - 6 scrolls of remove curse
 p - 2 scrolls of magic mapping {!r}
 q - 2 scrolls of immolation {!r}
 u - a scroll of recharging
 H - a scroll of amnesia
 S - a scroll of fear
Potions
 l - 4 potions of mutation {!q}
 t - a potion of brilliance
 A - 3 potions of cancellation
Books
 d - a book of Flames
   (You found it on level 5 of the Lair of Beasts)
 z - a book of Maledictions
   (You found it on level 3 of the Lair of Beasts)
 K - a book of Conjurations
   (You found it on level 1 of the Lair of Beasts)
 U - a book of Dreams
   (You found it on level 8 of the Lair of Beasts)
Miscellaneous
 j - a box of beasts
   (You found it on level 8 of the Lair of Beasts)
 F - a stone of tremors
   (Xom gifted it to you on level 4 of the Dungeon)
 Q - a sack of spiders {used: 3}
   (You found it on level 7 of the Lair of Beasts)
Comestibles
 c - 10 bread rations {@e1}
 f - 5 royal jellies
 B - 6 meat rations {@e2}
 M - 11 fruits


   Skills:
 + Level 6.9 Fighting
 - Level 19.1 Axes
 - Level 11.0 Armour
 - Level 0.8 Dodging
 - Level 15.0 Shields


You had 14 spell levels left.
You didn't know any spells.

Dungeon Overview and Level Annotations

Branches:
Dungeon (8/15)             Temple (0/1) D:4            Lair (8/8) D:8
 Shoals (0/4) Lair:3        Slime (0/6) Lair:8
  Snake: Lair:3-6    Spider: Lair:3-6

Altars:
Ashenzari
Cheibriados
Dithmenos
Fedhas
Kikubaaqudgha
Makhleb
Nemelex Xobeh
Qazlal
Ru
Vehumet
Xom
Zin
The Shining One
Jiyva

Shops:
D:8 (

Annotations:
Lair:5 exclusion: 2 oklob plants


Innate Abilities, Weirdness & Mutations

You are under a permanent stasis effect.
You can dig through walls and to a lower floor.
Your four strong arms can wield two-handed weapons with a shield.
You have a pair of large antennae on your head (SInv).
You are partially covered in icy blue scales (AC +1).
Scrolls take you a little longer to read.
You can breathe flames.
Your spells are harder to cast, but more powerful.
You evolve.


Message History

Drink which item? (? for menu, Esc to quit)
Okay, then.
You flicker for a moment.
You feel sick.
You take 1 damage, and have 50/107 hp.
Unknown command.
Drink which item? (? for menu, Esc to quit)
Really quaff
m - a potion of cure mutation {!q}?
It has a very clean taste.
You feel healthier.
You feel clever.
Your rough black scales disappear.
Your body's shape seems more normal.
You feel agile.
Unknown command. 2 fire bats come into view.
The fire bat moves out of view.
You block the fire bat's attack.
A fire bat comes into view.
Your plate armour prevents you from hitting the fire bat.
You feel sick. You block the fire bat's attack.
You block the fire bat's attack. The fire bat bites you.
You are engulfed in flames!
You take 8 damage, and have 43/107 hp.
You now have 12/15 mp.
You slice the fire bat!! You freeze the fire bat!
You kill the fire bat!
You slash the fire bat! You freeze the fire bat.
You flicker back into view.
The fire bat bites you but does no damage.
You block the fire bat's attack.
The starcursed mass engulfs your ufetubus but does no damage.
The fire bat bites you but does no damage.
Unknown command.
You slice the fire bat!! You freeze the fire bat.
You kill the fire bat!
You block the fire bat's attack. A chorus of shrieks assaults your mind.
The fire bat barely misses you.
A fire bat comes into view.
You take 5 damage, and have 38/107 hp.
You now have 10/15 mp.
Your ufetubus barely misses the fire bat. x2
You block the fire bat's attack.
Your ufetubus closely misses the fire bat. x2
You block the fire bat's attack.
Unknown command.
You feel sick. You block the fire bat's attack.
You block the fire bat's attack. x2
The starcursed mass engulfs your ufetubus!
Your ufetubus dies!
You take 1 damage, and have 38/107 hp.
Unknown command.
You barely miss the fire bat. You slash the fire bat! You freeze the fire bat.
You kill the fire bat!
You block the fire bat's attack. x2
You slice the fire bat!! You freeze the fire bat!
You kill the fire bat!
You hit the starcursed mass. You freeze the starcursed mass.
You hit the starcursed mass but do no damage.
You hit the starcursed mass but do no damage. x2
A starcursed mass splits.
You slice the starcursed mass!! You freeze the starcursed mass.
You destroy the starcursed mass!
You completely miss the starcursed mass.
You hit the starcursed mass but do no damage.
You feel sick.
You are no longer poisoned.
You hear Xom's avuncular chuckle.
The green draconian evaporates and reforms as a fire giant!
You are now a favourite toy of Xom.
You block the starcursed mass's attack.
You take 1 damage, and have 38/107 hp.
Unknown command.
You slash the starcursed mass! You freeze the starcursed mass.
You slash the starcursed mass! You freeze the starcursed mass.
You destroy the starcursed mass!
The starcursed mass shrieks in your mind.
You take 5 damage, and have 33/107 hp.
You now have 9/15 mp.
You slice the starcursed mass!! You freeze the starcursed mass.
You destroy the starcursed mass!
The fire giant gestures at you while chanting.
The fireball explodes!
The fireball engulfs you!
* * * LOW HITPOINT WARNING * * *
You take 16 damage, and have 17/107 hp.
You now have 4/15 mp.
Unknown command.
Unknown command.
Drink which item? (? for menu, Esc to quit)
Okay, then.
Read which item? (? for menu, Esc to quit)
Okay, then.
Unknown command.
You reach into the bag... ...and things crawl out!
You reach into the bag... ...and things crawl out!
The fire giant tears through a web.
The fire giant hits you.
* * * LOW HITPOINT WARNING * * *
Your spider bites the fire giant!
You take 3 damage, and have 14/107 hp.
You reach into the bag... ...and things crawl out!
Your spider bites the fire giant.
The starcursed mass shrieks in your mind.
* * * LOW HITPOINT WARNING * * *
The fire giant gestures at you while chanting.
The bolt of fire hits you!
You die...
Xom is highly amused!

#. #.# .X# #
#. . # ### ##
.. ...## .#
###...### #.
#..# ##.# .#
##. .{#.###.#
... .#.Xs..#
#. .#..#.#Cs##
####...)###@s#
#.#.....#...#
#. #.## ...##
## #. ###...
#. ### ##


You could see a starcursed mass, a fire giant and 3 friendly spiders.

Vanquished Creatures
  A lich (Abyss:1)
  A tentacled starspawn (Abyss:1)
  A frost giant (IceCv)
  3 rakshasas (Abyss:1)
  2 blizzard demons (Abyss:1)
  A hydra (Lair:2)
  A quicksilver dragon skeleton (Abyss:1)
  A catoblepas (Lair:3)
  Erica (D:8)
  8 death yaks
  Urug (Lair:3)
  3 wretched stars (Abyss:1)
  An ice statue (IceCv)
  Pikel (D:7)
  An orb spider (Abyss:1)
  A worldbinder (Abyss:1)
  An oklob plant (Lair:5)
  A griffon (Lair:8)
  9 elephants
  5 black mambas
  A guardian serpent (Abyss:1)
  2 torpor snails (Lair:8)
  An eye of devastation (Lair:3)
  9 komodo dragons
  19 spiny frogs
  An efreet (Abyss:1)
  8 starcursed masses (Abyss:1)
  An ancient zyme (Abyss:1)
  A deep elf priest (Abyss:1)
  2 large abominations (Abyss:1)
  2 fire drakes
  A queen bee (Lair:3)
  12 polar bears (IceCv)
  16 blink frogs
  A two-headed ogre (shapeshifter) (IceCv)
  A giant leech (Lair:8)
  A snapping turtle (Lair:3)
  A boulder beetle (Lair:5)
  4 raiju (Abyss:1)
  A trapdoor spider zombie (D:8)
  3 shadows
  10 hippogriffs
  Eustachio (D:6)
  49 yaks
  4 fire bats (Abyss:1)
  7 basilisks
  35 wolves
  Menkaure (D:5)
  4 vampire mosquitoes (Lair:8)
  4 hell hounds (Abyss:1)
  6 porcupines
  Duvessa (D:6)
  2 sky beasts
  An orc warrior (D:7)
  11 ice beasts
  18 water moccasins
  3 black bears
  A necrophage (D:6)
  6 ogres
  2 centaurs
  18 crocodiles
  A gnoll sergeant (D:8)
  A wyvern zombie (D:8)
  Dowan (D:6)
  21 giant frogs
  A scorpion (D:7)
  30 killer bees
  4 small abominations (Abyss:1)
  2 electric eels
  2 centaur zombies
  6 crimson imps
  A hound (shapeshifter) (D:5)
  3 iron imps
  The ghost of Charly the Scratcher, a weakling FeTm (D:3)
  A centaur skeleton (D:8)
  3 jellies
  Jessica (D:2)
  2 quasits
  6 iguanas
  6 orc wizards
  An orc priest (D:6)
  6 worker ants
  A worker ant (shapeshifter) (D:7)
  18 sheep
  2 worker ant zombies
  8 gnolls (D:5)
  43 river rats
  4 shadow imps
  10 adders
  5 white imps
  2 ufetubi
  3 oozes
  3 worms
  2 adder skeletons
  11 giant geckos
  19 orcs
  12 bats
  2 bat skeletons
  A bat zombie (D:6)
  5 giant cockroaches
  13 hobgoblins
  9 jackals
  2 quokkas
  3 ball pythons
  A bat (shapeshifter) (D:5)
  5 giant newts
  18 goblins
  A goblin skeleton (D:8)
  A goblin zombie (D:8)
  5 hobgoblin zombies (D:8)
  23 kobolds
  An orc skeleton (D:8)
  2 orc zombies (D:8)
  2 quokka zombies
  14 rats
  2 rat zombies (D:6)
  9 fungi
  15 plants
  A starspawn tentacle (Abyss:1)
694 creatures vanquished.

Vanquished Creatures (collateral kills)
  A death yak (IceCv)
  A wretched star (Abyss:1)
  An elephant (Lair:6)
  A blink frog (Lair:1)
  Prince Ribbit (D:8)
  A yak (Lair:3)
  A water moccasin (Lair:1)
  An ice beast (Lair:5)
  A phantom (D:8)
  An ogre (D:8)
  A killer bee (Lair:3)
  A crimson imp (Lair:1)
  An orc wizard (D:3)
  2 jellies (Lair:8)
  An adder (D:3)
  A hobgoblin (D:3)
  3 kobolds
  A plant (Lair:4)
21 creatures vanquished.

Vanquished Creatures (others)
  Nessos (Lair:5)
  2 ball lightnings (Lair:8)
  2 small abominations (Abyss:1)
  An ice beast (Lair:5)
  A killer bee (Lair:3)
  An orc priest (D:7)
  An iron imp (Lair:4)
  A jelly (Abyss:1)
  2 shadow imps
  2 white imps
  3 ufetubi
  4 orcs (D:7)
  3 lurking horrors (Abyss:1)
  A quokka zombie (D:7)
  A butterfly (D:5)
  27 fungi
  15 plants
  A starspawn tentacle (Abyss:1)
  4 starspawn tentacle segments (Abyss:1)
73 creatures vanquished.

Grand Total: 788 creatures vanquished

Notes
Turn   | Place    | Note
--------------------------------------------------------------
     0 | D:1      | RobertPalmer the Formicid Chaos Knight began the quest for the Orb.
     0 | D:1      | Reached XP level 1. HP: 18/18 MP: 1/1
   213 | D:1      | Reached XP level 2. HP: 20/24 MP: 2/2
   410 | D:1      | Reached skill level 4 in Axes
   410 | D:1      | Reached XP level 3. HP: 26/29 MP: 3/3
   552 | D:1      | XOM: silly message
   559 | D:1      | XOM: divination: detect creatures
   660 | D:1      | XOM: scenery: create altars
  1143 | D:2      | XOM: colour smoke trail
  1308 | D:2      | Found a sparkling altar of Nemelex Xobeh.
  1365 | D:2      | Reached XP level 4. HP: 35/35 MP: 4/4
  1465 | D:2      | Noticed Jessica
  1480 | D:2      | Killed Jessica
  1480 | D:2      | Reached skill level 5 in Axes
  1627 | D:2      | Reached XP level 5. HP: 26/41 MP: 5/5
  1835 | D:2      | Found a burning altar of Makhleb.
  1847 | D:2      | XOM: noise
  2181 | D:3      | Noticed Charly's ghost (weakling FeTm)
  2187 | D:3      | Reached skill level 6 in Axes
  2201 | D:3      | Killed Charly's ghost
  2201 | D:3      | Reached XP level 6. HP: 43/47 MP: 6/6
  2242 | D:3      | XOM: mild Conj miscast
  2508 | D:3      | Found a snail-covered altar of Cheibriados.
  2778 | D:3      | XOM: god gift: lumpy purple potion
  3197 | D:4      | Found a staircase to the Ecumenical Temple.
  3243 | D:4      | XOM: scenery: 1 doors close
  3249 | D:4      | XOM: silly message
  3347 | D:4      | XOM: god gift: stone of tremors
  3387 | D:4      | XOM: scenery: create altars
  3449 | D:5      | Entered Level 5 of the Dungeon
  3457 | D:5      | Reached skill level 7 in Axes
  3466 | D:5      | Got a bone whip
  3604 | D:5      | Reached XP level 7. HP: 33/52 MP: 4/7
  3614 | D:5      | HP: 13/52 [gnoll/scythe (12)]
  3622 | D:5      | HP: 12/52 [gnoll/scythe (7)]
  3644 | D:5      | Reached skill level 8 in Axes
  3651 | D:5      | Noticed Menkaure
  3651 | D:5      | XOM: harmless Air miscast
  3657 | D:5      | Killed Menkaure
  4035 | D:5      | XOM: mild Trmt miscast
  4081 | D:5      | HP: 11/52 [kobold/wand of draining (8)]
  4236 | D:5      | Reached XP level 8. HP: 25/58 MP: 6/8
  4500 | D:5      | XOM: blink monster(s)
  4524 | D:5      | XOM: mild Chrm miscast
  4529 | D:5      | Reached skill level 9 in Axes
  4598 | D:5      | Identified the +10 whip of Attainder {slash, +Fly rC+ MP+9} (You found it on level 5 of the Dungeon)
  4716 | D:5      | XOM: summons 4 hostile shadow creatures
  4876 | D:6      | XOM: confusion
  4890 | D:5      | Reached skill level 3 in Armour
  5069 | D:6      | Noticed Eustachio
  5076 | D:5      | XOM: summons 4 hostile demons
  5093 | D:5      | HP: 14/58 [iron imp[Xom] (3)]
  5098 | D:5      | HP: 11/58 [poisoned by a killer bee]
  5103 | D:5      | HP: 8/58 [poisoned by a killer bee]
  5110 | D:5      | HP: 6/58 [poisoned by a killer bee]
  5115 | D:5      | HP: 5/58 [poisoned by a killer bee]
  5123 | D:5      | HP: 5/58 [poisoned by a killer bee]
  5324 | D:5      | XOM: medium Hex miscast
  5326 | D:5      | XOM: draining
  5418 | D:6      | XOM: repel stairs
  5434 | D:6      | Killed Eustachio
  5434 | D:6      | Reached skill level 10 in Axes
  5478 | D:6      | XOM: medium Necr miscast
  5479 | D:6      | Noticed a shadow
  5479 | D:6      | Noticed a shadow
  5484 | D:6      | Killed a shadow
  5487 | D:6      | Killed a shadow
  5525 | D:6      | XOM: harmless Trmt miscast
  5574 | D:6      | XOM: enchant monster (bad)
  5588 | D:6      | Reached XP level 9. HP: 55/64 MP: 9/9
  5674 | D:6      | XOM: destruction
  5740 | D:6      | Noticed Duvessa
  5750 | D:6      | Noticed Dowan
  5751 | D:6      | Killed Duvessa
  5751 | D:6      | Reached skill level 11 in Axes
  5757 | D:6      | Killed Dowan
  5785 | D:6      | XOM: confusion (+ monsters)
  5890 | D:6      | Found an ancient bone altar of Kikubaaqudgha.
  6265 | D:7      | XOM: silly message
  6394 | D:7      | Found a shadowy altar of Dithmenos.
  6396 | D:7      | Found a radiant altar of Vehumet.
  6429 | D:7      | Noticed Pikel
  6430 | D:7      | XOM: polymorph slave -> spider
  6434 | D:7      | XOM: enchant monster (bad)
  6441 | D:7      | XOM: destruction
  6443 | D:7      | XOM: swap monsters
  6454 | D:7      | Killed Pikel
  6454 | D:7      | Reached skill level 12 in Axes
  6691 | D:7      | XOM: mild Air miscast
  6915 | D:7      | XOM: god gift: 18 poisoned bolts
  7030 | D:7      | XOM: mild Trmt miscast
  7033 | D:7      | XOM: summons 1 hostile demon
  7076 | D:7      | Found a glowing silver altar of Zin.
  7179 | D:7      | Reached XP level 10. HP: 70/70 MP: 10/10
  7457 | D:8      | XOM: mild Air miscast
  7572 | D:8      | Found a glowing golden altar of the Shining One.
  7665 | D:8      | Found a staircase to the Lair.
  7673 | D:8      | Noticed Erica
  7676 | D:8      | Reached skill level 13 in Axes
  7676 | D:8      | XOM: divination: detect items
  7682 | D:8      | XOM: divination: detect creatures
  7697 | D:8      | Killed Erica
  7977 | D:8      | Found a blossoming altar of Fedhas.
  8070 | D:8      | Reached skill level 14 in Axes
  8203 | D:8      | HP: 11/70 [ogre/giant club (11)]
  8237 | D:8      | XOM: noise
  8442 | D:8      | XOM: medium Trmt miscast
  8465 | D:8      | Found a stormy altar of Qazlal.
  8622 | D:8      | XOM: enchant monster (bad)
  8702 | D:8      | XOM: enchant monster (bad)
  8778 | D:8      | Noticed Prince Ribbit
  8780 | D:8      | XOM: summons 10 friendly demons
  8783 | D:8      | Killed Prince Ribbit
  8791 | D:8      | Found Ituschame's Weapon Shoppe.
  8801 | D:8      | Bought a +0 broad axe of flaming for 119 gold pieces
  8828 | D:8      | XOM: divination: detect creatures
  8880 | D:8      | XOM: mild Summ miscast
  8970 | D:8      | Reached XP level 11. HP: 68/75 MP: 11/11
  8974 | D:8      | Found a shattered altar of Ashenzari.
  8974 | D:8      | Found a sacrificial altar of Ru.
  9142 | Lair:1   | Entered Level 1 of the Lair of Beasts
  9147 | Lair:1   | Reached skill level 15 in Axes
  9247 | Lair:1   | XOM: confuse monster(s)
  9261 | Lair:1   | XOM: potion effect (heal wounds)
  9293 | Lair:1   | XOM: enchant monster (good)
  9296 | Lair:1   | XOM: harmless Air miscast
  9352 | Lair:1   | XOM: cast spell 'Olgreb's Toxic Radiance'
  9365 | Lair:1   | XOM: summons 1 friendly demon
  9365 | Lair:1   | HP: 12/75 [blink frog (8)]
  9372 | Lair:1   | XOM: enchant monster (bad)
  9372 | Lair:1   | HP: 13/75 [blink frog (10)]
  9373 | Lair:1   | HP: 2/75 [blink frog (11)]
  9376 | Lair:1   | Gained mutation: You are partially covered in rough black scales (AC +4, Dex -1). [potion of beneficial mutation]
  9818 | Lair:1   | Reached skill level 4 in Armour
  9892 | Lair:1   | XOM: noise
  9934 | Lair:1   | XOM: divination: detect items
 10168 | Lair:1   | XOM: silly message
 10175 | Lair:1   | XOM: blink monster(s)
 10180 | Lair:1   | Reached skill level 5 in Armour
 10237 | Lair:1   | XOM: mild Summ miscast
 10410 | Lair:1   | XOM: colour smoke trail
 10577 | Lair:1   | Reached skill level 6 in Armour
 10673 | Lair:1   | XOM: harmless Erth miscast
 10714 | Lair:2   | XOM: noise
 10738 | Lair:2   | Noticed a four-headed hydra
 10740 | Lair:2   | XOM: divination: magic mapping
 10756 | Lair:2   | Killed a one-headed hydra
 10756 | Lair:2   | Reached skill level 7 in Armour
 10803 | Lair:2   | XOM: divination: magic mapping
 10814 | Lair:2   | Reached skill level 8 in Armour
 10817 | Lair:2   | Reached XP level 12. HP: 60/81 MP: 12/12
 11030 | Lair:2   | XOM: cast spell 'Statue Form'
 11188 | Lair:2   | XOM: potion effect (agility)
 11192 | Lair:2   | Reached skill level 9 in Armour
 11302 | Lair:2   | XOM: cast spell 'Dispersal'
 11396 | Lair:2   | XOM: silly message
 11474 | Lair:2   | XOM: confuse monster(s)
 11639 | Lair:3   | Noticed Urug
 11653 | Lair:3   | Killed Urug
 11653 | Lair:3   | Reached skill level 10 in Armour
 11839 | Lair:3   | XOM: harmless Air miscast
 11983 | Lair:3   | XOM: potion effect (agility)
 11998 | Lair:3   | Reached skill level 11 in Armour
 12006 | Lair:3   | Identified a scroll of acquirement
 12075 | Lair:3   | XOM: potion effect (agility)
 12081 | Lair:3   | XOM: divination: detect creatures
 12083 | Lair:3   | Reached skill level 1 in Shields
 12153 | Lair:3   | Reached skill level 2 in Shields
 12158 | Lair:3   | XOM: divination: detect creatures
 12191 | Lair:3   | Noticed a catoblepas
 12211 | Lair:3   | HP: 19/81 [catoblepas (5)]
 12215 | Lair:3   | Killed a catoblepas
 12215 | Lair:3   | Reached skill level 3 in Shields
 12217 | Lair:3   | Reached skill level 4 in Shields
 12590 | Lair:3   | XOM: divination: magic mapping
 12593 | Lair:3   | XOM: divination: detect items
 12604 | Lair:3   | Reached skill level 5 in Shields
 12605 | Lair:3   | XOM: enchant monster (good)
 12771 | Lair:3   | XOM: potion effect (curing)
 12772 | Lair:3   | Reached skill level 6 in Shields
 12785 | Lair:3   | XOM: potion effect (might)
 12826 | Lair:3   | XOM: summons friendly white imp
 12829 | Lair:3   | XOM: confusion
 13129 | Lair:3   | XOM: enchant monster (good)
 13143 | Lair:3   | XOM: medium Fire miscast
 13143 | Lair:3   | Reached skill level 7 in Shields
 13158 | Lair:3   | XOM: smoke on damage
 13282 | Lair:3   | XOM: harmless Trmt miscast
 13284 | Lair:3   | XOM: confuse monster(s)
 13520 | Lair:3   | Noticed Harold
 13528 | Lair:3   | Noticed Harold
 13528 | Lair:3   | Harold changed into Harold the eye of devastation
 13539 | Lair:3   | Killed Harold the eye of devastation
 13545 | Lair:3   | Reached skill level 8 in Shields
 13563 | Lair:3   | Found a staircase to the Shoals.
 13570 | Lair:3   | XOM: divination: detect items
 13597 | Lair:3   | Reached XP level 13. HP: 29/86 MP: 7/13
 13813 | Lair:3   | XOM: give mutations
 13813 | Lair:3   | Gained mutation: Your body sometimes deteriorates upon taking damage. [Xom's mischief]
 13813 | Lair:3   | Gained mutation: Your body often deteriorates upon taking damage. [Xom's mischief]
 13813 | Lair:3   | Gained mutation: You are resistant to hostile enchantments. [Xom's mischief]
 13813 | Lair:3   | Lost mutation: You are resistant to hostile enchantments. [Xom's mischief]
 13984 | Lair:3   | XOM: cast spell 'Summon Hydra'
 14160 | Lair:3   | Reached skill level 9 in Shields
 14422 | Lair:3   | XOM: harmless Necr miscast
 14445 | Lair:3   | XOM: harmless Conj miscast
 14461 | Lair:4   | XOM: stealth player
 14497 | Lair:4   | XOM: divination: detect items
 14498 | Lair:4   | XOM: summons friendly iron imp
 14523 | Lair:4   | XOM: enchant monster (good)
 14524 | Lair:4   | Reached skill level 10 in Shields
 14612 | Lair:3   | XOM: god gift: 13 arrows of flame
 14722 | Lair:3   | XOM: medium Pois miscast
 14786 | Lair:4   | XOM: mild Divn miscast
 14832 | Lair:4   | XOM: enchant monster (bad)
 14871 | Lair:4   | XOM: cast spell 'Excruciating Wounds'
 14884 | Lair:4   | HP: 20/86 [13-headed hydra (4)]
 14892 | Lair:4   | XOM: summons friendly shadow imp
 15140 | Lair:5   | XOM: colour smoke trail
 15160 | Lair:5   | Found a frozen archway.
 15177 | Lair:5   | XOM: mild Air miscast
 15242 | Lair:5   | Reached skill level 11 in Shields
 15246 | Lair:5   | XOM: summons friendly shadow imp
 15267 | IceCv    | Entered an ice cave
 15347 | IceCv    | XOM: confuse monster(s)
 15383 | IceCv    | XOM: destruction
 15390 | IceCv    | XOM: cast spell 'Warp Weapon'
 15392 | IceCv    | Reached skill level 12 in Shields
 15766 | IceCv    | XOM: noise
 15847 | IceCv    | XOM: confusion (+ monsters)
 15848 | IceCv    | XOM: confuse monster(s)
 15942 | IceCv    | XOM: cast spell 'Ice Form'
 15961 | IceCv    | HP: 25/103 [polar bear (11)]
 15972 | IceCv    | XOM: medium Air miscast
 15972 | IceCv    | HP: 12/103 [the capriciousness of Xom (16)]
 15996 | IceCv    | XOM: polymorph polar bear -> two-headed ogre
 16064 | IceCv    | XOM: blink monster(s)
 16072 | IceCv    | Reached skill level 13 in Shields
 16603 | IceCv    | XOM: harmless Summ miscast
 16732 | IceCv    | XOM: enchant monster (good)
 16733 | IceCv    | XOM: silly message
 16743 | IceCv    | XOM: enchant monster (bad)
 16787 | IceCv    | XOM: potion effect (heal wounds)
 16794 | IceCv    | XOM: summons friendly shadow imp
 16832 | IceCv    | XOM: summons 2 friendly demons
 16873 | IceCv    | XOM: cast spell 'Death Channel'
 16912 | IceCv    | Noticed a frost giant
 16915 | IceCv    | XOM: confusion
 16935 | IceCv    | Reached skill level 14 in Shields
 16951 | IceCv    | XOM: enchant monster (good)
 16968 | IceCv    | XOM: divination: magic mapping
 16979 | IceCv    | HP: 15/86 [frost giant/bolt of cold (10)]
 16982 | IceCv    | Killed a frost giant
 16982 | IceCv    | Reached XP level 14. HP: 17/93 MP: 7/14
 16984 | IceCv    | HP: 14/93 [yak (3)]
 16990 | IceCv    | XOM: harmless Erth miscast
 17319 | IceCv    | Got a scorched lapis lazuli ring
 17322 | IceCv    | Identified the ring of Lygripoe {rC+ Dex+2} (You found it in an ice cave)
 17473 | Lair:5   | Noticed Nessos
 17483 | Lair:5   | Killed Nessos
 17483 | Lair:5   | Reached skill level 15 in Shields
 17611 | Lair:5   | Reached skill level 16 in Axes
 18065 | Lair:6   | XOM: potion effect (curing)
 18067 | Lair:6   | XOM: potion effect (might)
 18087 | Lair:6   | XOM: chaos cloud
 18299 | Lair:6   | XOM: silly message
 18347 | Lair:6   | XOM: stat loss: -1 Dex (12/15)
 18516 | Lair:6   | XOM: harmless Hex miscast
 18519 | Lair:6   | XOM: enchant monster (good)
 18549 | Lair:6   | XOM: noise
 18551 | Lair:6   | Reached skill level 17 in Axes
 18556 | Lair:6   | XOM: cast spell 'Ring of Flames'
 18643 | Lair:6   | XOM: fake destruction
 18656 | Lair:6   | Got a slimy chain mail
 18657 | Lair:6   | Identified the cursed +1 chain mail "Fompox" {+Inv rF+ Str-4 Int+7} (You found it on level 6 of the Lair of Beasts)
 19226 | Lair:7   | XOM: mild Air miscast
 19765 | Lair:7   | XOM: god gift: 44 gold pieces
 19841 | Lair:8   | Entered Level 8 of the Lair of Beasts
 19974 | Lair:8   | XOM: confuse monster(s)
 19980 | Lair:8   | XOM: mild Tloc miscast
 20000 | Lair:8   | XOM: god gift: potion of cancellation
 20004 | Lair:8   | XOM: enchant monster (bad)
 20005 | Lair:8   | XOM: confuse monster(s)
 20136 | Lair:8   | XOM: harmless Hex miscast
 20161 | Lair:8   | XOM: give mutations
 20161 | Lair:8   | Gained mutation: You can breathe flames. [Xom's grace]
 20161 | Lair:8   | Gained mutation: You evolve. [Xom's grace]
 20161 | Lair:8   | Gained mutation: Your spells are a little harder to cast, but a little more powerful. [Xom's grace]
 20161 | Lair:8   | Gained mutation: You are partially covered in icy blue scales (AC +1). [Xom's grace]
 20261 | Lair:8   | Gained mutation: Armour fits poorly on your strangely shaped body. [evolution]
 20302 | Lair:8   | Upgraded the game from 0.17-a0-1164-g0ba867e to 0.17-a0-1174-ge06b3cc
 20500 | Lair:8   | XOM: chaos cloud
 20540 | Lair:8   | XOM: confusion (+ monsters)
 20583 | Lair:8   | Reached skill level 18 in Axes
 20596 | Lair:8   | Reached XP level 15. HP: 69/98 MP: 12/15
 20630 | Lair:8   | Found a runed door.
 20631 | Lair:8   | Found a viscous altar of Jiyva.
 20633 | Lair:8   | Found a staircase to the Slime Pits.
 20683 | Lair:8   | XOM: noise
 20768 | Lair:8   | XOM: chaos cloud
 20826 | Lair:8   | XOM: god gift: meat ration
 20990 | Lair:8   | XOM: cast spell 'Conjure Ball Lightning'
 21082 | Lair:8   | XOM: swap monsters
 21169 | Lair:8   | Identified the Volume of Conjuration
 21433 | Lair:8   | XOM: cast spell 'Summon Horrible Things'
 21644 | Lair:4   | XOM: cast spell 'Summon Swarm'
 21647 | Lair:4   | XOM: divination: detect items
 21702 | Lair:3   | Noticed a seven-headed hydra
 21717 | Lair:3   | XOM: enchant monster (good)
 21787 | D:8      | Cast into the Abyss (Xom)
 21932 | Abyss:1  | HP: 23/98 [small abomination (10)]
 22120 | Abyss:1  | XOM: cast spell 'Summon Horrible Things'
 22298 | Abyss:1  | HP: 23/98 [starcursed mass/accursed screaming (8)]
 22389 | Abyss:1  | XOM: silly message
 22395 | Abyss:1  | XOM: confusion
 22398 | Abyss:1  | XOM: give mutations
 22398 | Abyss:1  | Gained mutation: You are clumsy. (Dex -2) [Xom's mischief]
 22398 | Abyss:1  | Lost mutation: Your body often deteriorates upon taking damage. [Xom's mischief]
 22398 | Abyss:1  | Gained mutation: Scrolls take you a little longer to read. [Xom's mischief]
 22398 | Abyss:1  | Gained mutation: Your spells are harder to cast, but more powerful. [Xom's mischief]
 22407 | Abyss:1  | Reached skill level 19 in Axes
 22436 | Abyss:1  | HP: 20/98 [starcursed mass/accursed screaming (6)]
 22441 | Abyss:1  | HP: 4/98 [disintegration (17)]
 22443 | Abyss:1  | XOM: chaos cloud
 22445 | Abyss:1  | XOM: silly message
 22673 | Abyss:1  | XOM: give mutation
 22673 | Abyss:1  | XOM: stat loss: -1 Str (16/17)
 22681 | Abyss:1  | XOM: blink monster(s)
 22701 | Abyss:1  | XOM: give mutations
 22701 | Abyss:1  | Gained mutation: Your magical capacity is low (-10% MP). [Xom's mischief]
 22701 | Abyss:1  | Lost mutation: Your magical capacity is low (-10% MP). [Xom's mischief]
 22701 | Abyss:1  | Gained mutation: You are dopey. (Int -2) [Xom's mischief]
 22707 | Abyss:1  | XOM: summons 4 hostile shadow creatures
 22719 | Abyss:1  | XOM: summons 7 hostile demons
 22734 | Abyss:1  | Reached skill level 4 in Fighting
 22809 | Abyss:1  | XOM: cast spell 'Stoneskin'
 22810 | Abyss:1  | XOM: summons 2 hostile shadow creatures
 22813 | Abyss:1  | XOM: stat loss: -1 Int (9/11)
 22830 | Abyss:1  | Reached skill level 5 in Fighting
 22924 | Abyss:1  | Noticed a tentacled starspawn
 22934 | Abyss:1  | Killed a tentacled starspawn
 22934 | Abyss:1  | Reached skill level 6 in Fighting
 22954 | Abyss:1  | Noticed a lich
 22954 | Abyss:1  | XOM: potion effect (invisibility)
 22959 | Abyss:1  | XOM: medium Air miscast
 22963 | Abyss:1  | XOM: mild Fire miscast
 22966 | Abyss:1  | Killed a lich
 22972 | Abyss:1  | XOM: summons friendly ufetubus
 22984 | Abyss:1  | Lost mutation: Your body sometimes deteriorates upon taking damage. [potion of cure mutation]
 22984 | Abyss:1  | Lost mutation: You are dopey. (Int -2) [potion of cure mutation]
 22984 | Abyss:1  | Lost mutation: You are partially covered in rough black scales (AC +4, Dex -1). [potion of cure mutation]
 22984 | Abyss:1  | Lost mutation: Armour fits poorly on your strangely shaped body. [potion of cure mutation]
 22984 | Abyss:1  | Lost mutation: You are clumsy. (Dex -2) [potion of cure mutation]
 22997 | Abyss:1  | Noticed a fire giant
 22997 | Abyss:1  | a green draconian changed into a fire giant
 22997 | Abyss:1  | XOM: polymorph green draconian -> fire giant
 22999 | Abyss:1  | HP: 17/107 [fire giant/fireball (17)]
 23004 | Abyss:1  | HP: 9/107 [starcursed mass/accursed screaming (5)]
 23004 | Abyss:1  | Killed from afar by a fire giant

Vault maps used:
D:1:      scummos_arrival_gate, corexii_hall_statues_u, kennysheep_another_room
D:2:      nemelex_deck, makhleb_grotto_becter, first_bread,
          kennysheep_jessica_study
D:3:      cheibriados_altar_wand_db, serial_undead, serial_undead_b,
          serial_undead_b, serial_undead_e, serial_undead_b
D:4:      temple_green
D:5:      sigmund_army, uniq_menkaure
D:6:      lemuel_zombie_altar_kikubaaqudgha, minivault_26,
          kennysheep_generic_room_15, uniq_eustachio, uniq_duvessa
D:7:      grunt_temple_overflow_open, uniq_pikel
D:8:      forest_paths, grunt_temple_overflow_forces_of_nature,
          nicolae_tso_besieged_by_evil, gammafunk_temple_overflow_wave,
          serial_shops, shop, uniq_prince_ribbit1, uniq_erica
Lair:1:   beast_lair_carwin_4
Lair:2:   serial_bayou_lagoon_b, grunt_megastairs_1
Lair:3:   minmay_shoals_entry_hut, special_room, beast_lair_carwin_10,
          serial_bayou_shore_a, uniq_urug, uniq_snorg, uniq_harold
Lair:4:   spider_nest_entry_a, serial_forest, infiniplex_forest_clump_diagonal,
          infiniplex_forest_clump_small, infiniplex_forest_clump_double,
          infiniplex_forest_clump_small, infiniplex_forest_clump_diagonal,
          infiniplex_forest_side_room, serial_bayou_shore_b, grunt_megastairs_3
Lair:5:   portal_ice_cave_entry_ice_beasts, dpeg_oklob_1, uniq_nessos
Lair:6:   serial_bayou_pond_a, serial_bayou_shore_b, infiniplex_staircase_pool_2
Lair:8:   minmay_lair_end_frog_pond, slime_altar_2, lemuel_fruit_fields
Abyss:1:  bh_abyss_exit_choice, guppyfry_abyss_exit_imp_island
IceCv:    ice_cave_caverns_01

Action                   |  1- 3 |  4- 6 |  7- 9 | 10-12 | 13-15 || total
-------------------------+-------+-------+-------+-------+-------++-------
Melee: Hand axe          |   116 |   233 |    88 |       |       ||   437
       Whip              |       |       |   261 |   275 |       ||   536
       Broad axe         |       |       |       |   640 |   572 ||  1212
       Unarmed           |       |       |       |       |     7 ||     7
       Battleaxe         |       |       |       |       |   832 ||   832
Throw: Throwing net      |       |       |       |       |     1 ||     1
 Abil: Dig               |       |     1 |     2 |     6 |    12 ||    21
Evoke: Deck              |       |     1 |    11 |       |       ||    12
       Stone of tremors  |       |       |     1 |     1 |     1 ||     3
       Wand              |       |       |     2 |     7 |    14 ||    23
       Sack of spiders   |       |       |       |       |     3 ||     3
  Use: Scroll            |     4 |     4 |     6 |     5 |    14 ||    33
       Potion            |       |       |     6 |    16 |    13 ||    35
 Stab: Confused          |       |     1 |     1 |     3 |     3 ||     8
       Paralysed         |       |     1 |     3 |     4 |     5 ||    13
       Petrified         |       |       |       |     1 |       ||     1
       Distracted        |       |       |       |       |     2 ||     2
       Fleeing           |       |       |       |       |     1 ||     1
       Invisible         |       |       |       |       |     2 ||     2
  Eat: Chunk             |     2 |     7 |    11 |    19 |    17 ||    56
       Beef jerky        |       |       |       |     3 |       ||     3
       Royal jelly       |       |       |       |       |     6 ||     6
       Fruit             |       |       |       |       |     1 ||     1
       Pizza             |       |       |       |       |     1 ||     1

Vault maps used:
D:1:      scummos_arrival_gate, corexii_hall_statues_u, kennysheep_another_room
D:2:      nemelex_deck, makhleb_grotto_becter, first_bread,
          kennysheep_jessica_study
D:3:      cheibriados_altar_wand_db, serial_undead, serial_undead_b,
          serial_undead_b, serial_undead_e, serial_undead_b
D:4:      temple_green
D:5:      sigmund_army, uniq_menkaure
D:6:      lemuel_zombie_altar_kikubaaqudgha, minivault_26,
          kennysheep_generic_room_15, uniq_eustachio, uniq_duvessa
D:7:      grunt_temple_overflow_open, uniq_pikel
D:8:      forest_paths, grunt_temple_overflow_forces_of_nature,
          nicolae_tso_besieged_by_evil, gammafunk_temple_overflow_wave,
          serial_shops, shop, uniq_prince_ribbit1, uniq_erica
Lair:1:   beast_lair_carwin_4
Lair:2:   serial_bayou_lagoon_b, grunt_megastairs_1
Lair:3:   minmay_shoals_entry_hut, special_room, beast_lair_carwin_10,
          serial_bayou_shore_a, uniq_urug, uniq_snorg, uniq_harold
Lair:4:   spider_nest_entry_a, serial_forest, infiniplex_forest_clump_diagonal,
          infiniplex_forest_clump_small, infiniplex_forest_clump_double,
          infiniplex_forest_clump_small, infiniplex_forest_clump_diagonal,
          infiniplex_forest_side_room, serial_bayou_shore_b, grunt_megastairs_3
Lair:5:   portal_ice_cave_entry_ice_beasts, dpeg_oklob_1, uniq_nessos
Lair:6:   serial_bayou_pond_a, serial_bayou_shore_b, infiniplex_staircase_pool_2
Lair:8:   minmay_lair_end_frog_pond, slime_altar_2, lemuel_fruit_fields
Abyss:1:  bh_abyss_exit_choice, guppyfry_abyss_exit_imp_island
IceCv:    ice_cave_caverns_01

Table legend:
 A = Turns spent in this place as a percentage of turns spent in the entire game.
 B = Non-inter-level travel turns spent in this place as a percentage of non-inter-level travel turns spent in the entire game.
 C = Inter-level travel turns spent in this place as a percentage of turns spent in this place.
 D = Turns resting spent in this place as a percentage of non-inter-level travel turns spent in this place.
 E = Turns spent auto-exploring this place as a percentage of non-inter-level travel turns spent in this place.
 F = Non-inter-level travel turns spent in this place divided by the number of levels of this place that you've seen.
                   A       B       C       D       E      F
               +-------+-------+-------+-------+-------+----------------------
         Total | 100.0 | 100.0 |   0.3 |   2.6 |   6.2 | 502.3
       Dungeon |  34.9 |  34.9 |   0.4 |   2.6 |  10.9 | 394.0
          Lair |  44.9 |  44.9 |   0.3 |   2.3 |   5.1 | 506.9
         Abyss |  10.0 |  10.0 |   0.0 |   4.9 |   0.0 | 905.0
      Ice Cave |  10.2 |  10.3 |   0.0 |   1.6 |   1.4 | 929.0
               +-------+-------+-------+-------+-------+----------------------

Table legend:
 A = Kills in this place as a percentage of kills in entire the game.
 B = Kills by you in this place as a percentage of kills by you in the entire game.
 C = Kills by friends in this place as a percentage of kills by friends in the entire game.
 D = Other kills in this place as a percentage of other kills in the entire game.
 E = Experience gained in this place as a percentage of experience gained in the entire game.
 F = Experience gained in this place divided by the number of levels of this place that you have seen.
                   A       B       C       D       E      F
               +-------+-------+-------+-------+-------+----------------------
         Total | 100.0 | 100.0 | 100.0 | 100.0 | 100.0 | 5538.1
       Dungeon |  38.9 |  38.8 |  47.4 |  20.0 |   8.1 | 1012.5
          Lair |  47.6 |  47.7 |  42.1 |  60.0 |  59.6 | 7421.9
         Abyss |   6.0 |   6.1 |   5.3 |   0.0 |  17.2 | 17146.0
      Ice Cave |   7.5 |   7.5 |   5.3 |  20.0 |  15.1 | 15065.0
               +-------+-------+-------+-------+-------+----------------------
